 Dungeon Crawl Stone Soup version 0.25-a0-1119-g28b6fd0c3b (webtiles) character file.

Game seed: 6605748379103122960, levelgen mode: deterministic

212 Esekla the Magician (level 5, -4/32 HPs)
             Began as an Octopode Wizard on May 17, 2020.
             Slain by a river rat (10 damage)
             ... in a sewer.
             The game lasted 00:15:17 (1938 turns).

Esekla the Magician (Octopode Wizard)               Turns: 1938, Time: 00:15:25

Health: -4/32      AC:  1    Str:  7    XL:     5   Next: 89%
Magic:  7/11       EV: 13    Int: 20    God:
Gold:   78         SH:  0    Dex: 11    Spells: 1/12 levels left

rFire    . . .     SeeInvis .   e - +2 dagger (elec)
rCold    . . .     Gourm    .   (no shield)
rNeg     . . .     Faith    .   a - +0 hat
rPois    .         Spirit   .   i - amulet of the acrobat
rElec    .         Reflect  .   (no ring)
rCorr    .         Harm     .   (no ring)
MR       .....                  (no ring)
Stlth    +++.......             (no ring)
HPRegen  0.10/turn              (no ring)
MPRegen  0.12/turn              (no ring)
                                (no ring)
                                (no ring)

@: very slightly contaminated
A: almost no armour, stealthy swim, amphibious, 8 rings, constrict 8, camouflage
1, gelatinous body 1
a: no special abilities


You were in a sewer.
You were not hungry.

You visited 1 branch of the dungeon, and saw 5 of its levels.
You also visited: Sewer.

You collected 78 gold pieces.

Inventory:

Hand Weapons
 e - a +2 dagger of electrocution (weapon)
 o - a +1 vorpal falchion
 w - a +2 short sword of protection
Missiles
 t - 6 poisoned darts (quivered)
 v - 6 curare-tipped darts
Armour
 a - a +0 hat (worn)
Jewellery
 i - an amulet of the acrobat (around mantle)
Scrolls
 b - 2 scrolls of remove curse
 f - 2 scrolls of magic mapping
 j - a scroll of enchant weapon {unknown}
 k - a scroll of teleportation {unknown}
 l - a scroll of immolation {unknown}
 m - a scroll of identify {unknown}
 q - a scroll of fog {unknown}
 r - a scroll of blinking {unknown}
Potions
 d - a potion of haste {unknown}
 g - a potion of cancellation {unknown}
 h - a potion of mutation {unknown}
 n - 3 potions of curing {unknown}
 p - a potion of heal wounds {unknown}
 s - 2 potions of brilliance {unknown}
 u - a potion of might {unknown}
 x - a potion of magic {unknown}
Comestibles
 c - a ration


   Skills:
 + Level 0.9 Fighting
 * Level 1.7 Short Blades
 + Level 2.4 Dodging
 - Level 2.6 Stealth
 * Level 4.3 Spellcasting
 + Level 1.6 Conjurations
 * Level 0.5 Hexes
   Level 1.0 Summonings
 * Level 1.6 Translocations
 * Level 1.4 Air Magic
 * Level 1.5 Poison Magic


You had one spell level left.
You knew the following spells:

 Your Spells              Type           Power        Failure   Level  Hunger
a - Apportation           Tloc           ##....       6%          1    None
b - Blink                 Tloc           N/A          10%         2    #......
c - Mephitic Cloud        Conj/Pois/Air  ##......     21%         3    ###....
d - Magic Dart            Conj           ##..         6%          1    None
f - Conjure Flame         Conj/Fire      #.......     26%         3    ###....
i - Corona                Hex            #......      11%         1    None

Your spell library contained the following spells:

 Spells                   Type           Power        Failure   Level  Hunger
 Summon Small Mammal      Summ           #...         9%          1    None
 Animate Skeleton         Necr           N/A          13%         1    None
 Call Imp                 Summ           #.......     12%         2    #......
 Slow                     Hex            #.......     16%         2    #......


Dungeon Overview and Level Annotations

Branches:
Dungeon (5/15)              Sewer (1/1)
 Temple: D:4-7

Altars:
Dithmenos
Makhleb
Vehumet


Innate Abilities, Weirdness & Mutations

You cannot wear most types of armour.
You are very stealthy in the water. (Stealth+)
You are amphibious.
You can wear up to eight rings at the same time.
You can use your tentacles to constrict eight enemies at once.
Your skin changes colour to match your surroundings (Stealth+).
Your rubbery body absorbs attacks. (AC +1, EV +1)


Message History

The river rat is lightly wounded.
You barely miss the river rat. You grab the river rat.
The river rat is lightly wounded.
You constrict the river rat. The river rat bites you!
Casting: Magic Dart (safe; 6% risk of failure)
Confirm with . or Enter, or press ? or * to list all spells.
You blink.
You lose your grip on the river rat.
The river rat closely misses you.
You hit the river rat. Your grab misses the river rat.
The river rat is moderately wounded.
The river rat bites you.
* * * LOW HITPOINT WARNING * * *
Casting: Blink (safe; 10% risk of failure)
Confirm with . or Enter, or press ? or * to list all spells.
You miscast Blink.
You are very lightly contaminated with residual magic.
Nothing appears to happen.
The river rat twitches its whiskers.
The river rat bites you!
You die...

.≈.S.####.....#####.
.≈. ##.≈.## ## #≈#
##≈## # #≈# #≈# # #≈#
#≈# #≈# #≈# # ##≈##
##≈## # ##≈.≈##
##.≈≈## ##
#...@r####..≈..#####≈
#.....≈≈≈≈≈.≈.≈≈≈≈≈≈≈
#≈.≈..####..≈.≈#####≈
##...## ##..≈## ##
##.## ##≈## # #.# #≈#
#.# #≈# #.# ##≈## #
##†## ##.≈.## ##


You could see a river rat.

Vanquished Creatures
  An orc priest (D:5)
  2 worker ants (D:4)
  5 adders
  A shadow imp (D:5)
  3 oozes
  A dart slug (D:1)
  9 orcs
  5 giant cockroaches (D:5)
  3 hobgoblins
  7 jackals (D:1)
  A quokka (D:2)
  2 ball pythons
  6 frilled lizards (D:2)
  2 goblins
  15 kobolds
  3 rats
66 creatures vanquished.

Notes
Turn   | Place    | Note
-------+----------+-------------------------------------------
     0 | D:1      | Esekla the Octopode Wizard began the quest for the Orb.
     0 | D:1      | Reached XP level 1. HP: 11/11 MP: 4/4
   335 | D:1      | Reached XP level 2. HP: 13/17 MP: 0/6
   419 | D:2      | Learned a level 2 spell: Blink
   533 | D:1      | Reached XP level 3. HP: 11/22 MP: 5/8
   543 | D:1      | Learned a level 3 spell: Mephitic Cloud
   547 | D:1      | Learned a level 3 spell: Conjure Flame
   743 | D:2      | Found a shadowy altar of Dithmenos.
   775 | D:2      | Found a burning altar of Makhleb.
  1082 | D:4      | Found a radiant altar of Vehumet.
  1155 | D:4      | Reached XP level 4. HP: 27/27 MP: 9/9
  1157 | D:4      | Reached skill level 4 in Spellcasting
  1176 | D:4      | Learned a level 1 spell: Apportation
  1220 | D:4      | Reached skill level 1 in Poison Magic
  1243 | D:4      | Reached skill level 1 in Short Blades
  1243 | D:4      | Reached skill level 1 in Air Magic
  1278 | D:4      | Noticed an ogre
  1289 | D:5      | Entered Level 5 of the Dungeon
  1311 | D:5      | Reached XP level 5. HP: 28/32 MP: 11/11
  1314 | D:5      | Learned a level 1 spell: Corona
  1452 | D:5      | Found a glowing drain.
  1521 | Sewer    | Entered a sewer
  1938 | Sewer    | Slain by a river rat

Illustrated notes

Levels and vault maps discovered:
D:1:      scummos_arrival_hexagon, layout_loops_ring,
          minmay_misc_feat_diagonals, nrook_campfire
D:2:      layout_rooms, lemuel_doored_altar, first_ration,
          grunt_dithmenos_smoke_and_mirrors
D:3:      layout_basic, okawaru_gym_becter, old_standard_altar,
          minmay_starry_boxes
D:4:      layout_layer_cave, nicolae_overflow_crystal_walls
D:5:      cheibrodos_fzero, layout_basic, lemuel_coloured_pillars_altar,
          gup_sewer_entry_pipe, basic_altar
Sewer:    sewer_co_15_rooms

Skill      XL: |  1  2  3  4 |
---------------+-------------+-----
Spellcasting   | 4 |  4.3
Poison Magic   | 1 |  1.5
Short Blades   | 1 |  1.7
Air Magic      | 1 |  1.4
Fighting       | |  0.9
Dodging        | |  2.4
Stealth        | |  2.6
Conjurations   | |  1.6
Hexes          | |  0.5
Summonings     | |  1.0
Translocations | |  1.6

Action                   |  1- 3 |  4- 6 || total
-------------------------+-------+-------++-------
Melee: Unarmed           |     4 |       ||     4
       Short sword       |    39 |       ||    39
       Constrict         |    14 |    10 ||    24
       Tentacles         |     3 |     6 ||     9
       Dagger            |    28 |    61 ||    89
 Cast: Magic Dart        |    29 |     8 ||    37
       Blink             |     3 |     1 ||     4
       Mephitic Cloud    |       |     2 ||     2
  Use: Scroll            |       |     2 ||     2
 Stab: Sleeping          |     5 |     7 ||    12
  Eat: Ration            |       |     1 ||     1
Armor: Skin              |     5 |     1 ||     6
Dodge: Dodged            |    53 |    32 ||    85

Table legend:
 A = Non-vault XP
 B = Vault XP
 C = Vault XP percentage of total XP
 D = Non-vault monster count
 E = Vault monster count
 F = Vault count percentage of total count
                 A         B        C        D         E       F
            +---------+---------+-------+---------+---------+-------
      Total |     231 |      72 |  23.8 |      49 |      17 |  25.8
            +---------+---------+-------+---------+---------+-------
        D:1 |      38 |       0 |   0.0 |      19 |       0 |   0.0
        D:2 |      32 |       0 |   0.0 |      15 |       0 |   0.0
        D:3 |       5 |       0 |   0.0 |       2 |       0 |   0.0
        D:4 |      80 |       0 |   0.0 |       7 |       0 |   0.0
        D:5 |      76 |      10 |  11.6 |       6 |       5 |  45.5
      Sewer |       0 |      62 | 100.0 |       0 |      12 | 100.0
            +---------+---------+-------+---------+---------+-------
